 Seeded DCSS version 0.28-a0-1033-g1a2f33fa85 (webtiles) character file.

Game seed: 20211207 (custom seed)

18 DarkBird the Insei (level 2, -6/23 HPs)
             Began as a Gnoll Transmuter on Dec 7, 2021.
             Killed from afar by Sigmund (10 damage)
             ... with a puff of flame
             ... on level 2 of the Dungeon.
             The game lasted 00:04:32 (852 turns).

DarkBird the Insei (Gnoll Transmuter)                Turns: 852, Time: 00:04:33

Health: -6/23      AC:  2    Str:  9    XL:     2   Next: 66%
Magic:  3/7        EV: 13    Int: 12    God:
Gold:   30         SH:  0    Dex: 12    Spells: 7/10 levels left

rFire   . . .      SeeInvis .     - Unarmed
rCold   . . .      Faith    .   (no shield)
rNeg    . . .      Spirit   .   a - +0 robe
rPois   .          Reflect  .   (helmet currently unavailable)
rElec   .          Harm     .   (no cloak)
rCorr   .          Rampage  .   (no gloves)
Will    .....                   (boots currently unavailable)
Stlth   +.........              (no amulet)
HPRegen 0.07/turn               (no ring)
MPRegen 0.10/turn               (no ring)

@: about to teleport, appendages, wereblooded, hasted, very quick
A: horns 2, talons 2, fangs 1, strong nose, distributed training
a: End Transformation


You were on level 2 of the Dungeon.
You had temporarily grown beastly horns and talons.
You visited 1 branch of the dungeon, and saw 2 of its levels.

You collected 30 gold pieces.

Inventory:

Armour
 a - a +0 robe (worn)
Jewellery
 f - a ring of positive energy
Scrolls
 d - a scroll of teleportation
 e - a scroll of fear {unknown}
 g - a scroll of magic mapping {unknown}
 i - a scroll of identify {unknown}
Potions
 b - a potion of magic {unknown}
 c - a potion of might {unknown}
 h - a potion of haste


   Skills:
 + Level 2.5 Fighting
 + Level 0.5 Short Blades
 + Level 0.5 Long Blades
 + Level 0.5 Axes
 + Level 0.5 Maces & Flails
 + Level 0.5 Polearms
 + Level 0.5 Staves
 + Level 0.5 Slings
 + Level 0.5 Bows
 + Level 0.5 Crossbows
 + Level 0.5 Throwing
 + Level 0.5 Armour
 + Level 4.5 Dodging
 + Level 0.5 Stealth
 + Level 0.5 Shields
 + Level 6.5 Unarmed Combat
 + Level 4.9 Spellcasting
 + Level 0.3 Conjurations
 + Level 0.3 Hexes
 + Level 0.3 Summonings
 + Level 0.3 Necromancy
 + Level 0.3 Translocations
 + Level 3.7 Transmutations
 + Level 0.3 Fire Magic
 + Level 0.3 Ice Magic
 + Level 0.3 Air Magic
 + Level 0.3 Earth Magic
 + Level 0.3 Poison Magic
 + Level 0.6 Invocations
 + Level 0.5 Evocations


You had 7 spell levels left.
You knew the following spells:

 Your Spells              Type           Power      Damage    Failure   Level
a - Beastly Appendage     Tmut           22%        N/A       4%          1
b - Wereblood             Tmut           11%        N/A       7%          2

Your spell library contained the following spells:

 Spells                   Type           Power      Damage    Failure   Level
 Spider Form              Tmut/Pois      7%         N/A       26%         3
 Ice Form                 Ice/Tmut       7%         N/A       65%         4


Dungeon Overview and Level Annotations

Branches:
Dungeon (2/15)

Altars:

Annotations:
D:2 Sigmund


Innate Abilities, Weirdness & Mutations

You have temporarily grown beastly horns and talons.
You have very sharp teeth.
Your uncanny sense of smell can sniff out nearby items.
Your experience applies equally to all skills.


Message History

You closely miss Sigmund.
You howl as the wereblood boils in your veins!
Sigmund hits you with a +0 scythe of protection!
Your horns disappear.
Your talons disappear.
Sigmund says, "Don't worry, I'll kill you fast."
Sigmund hits you with a +0 scythe of protection.
Unknown command.
Casting: Beastly Appendage (safe; 4% risk of failure)
Press: ? - help, Q - select action, (/) - cycle Dir - look around, f - activate You grow a pair of large bovine horns.
Your feet morph into talons.
You howl as the wereblood boils in your veins!
You hit Sigmund but do no damage. Sigmund misses you.
You hit Sigmund but do no damage. Your kick misses Sigmund. You hit Sigmund.
Sigmund is lightly wounded.
Sigmund completely misses you.
You closely miss Sigmund.
Sigmund is lightly wounded.
Sigmund hits you with a +0 scythe of protection.
* * * LOW HITPOINT WARNING * * *
It was a potion of haste.
You feel yourself speed up.
Your transformation is almost over.
Casting: Beastly Appendage (safe; 4% risk of failure)
Press: ? - help, Q - select action, (/) - cycle Dir - look around, f - activate You extend your transformation's duration.
A giant cockroach comes into view.
Sigmund barely misses you.
You closely miss Sigmund.
Sigmund is lightly wounded.
You howl as the wereblood boils in your veins!
As you read the scroll labelled VOTWIU SOLU, it crumbles to dust.
You feel strangely unstable.
It was a scroll of teleportation.
Sigmund casts a spell at you. You resist with significant effort.
Things that are here:
a +0 club; a kobold corpse You howl as the wereblood boils in your veins!
Sigmund points at you and mumbles some strange words.
The puff of flame hits you!
You die...

# ##.
..########
........#
#.B....#
#......#
#....@.#
###...)..#
#....@†..#
#...#......#
.. #>.....#
#..#######
##. #


You could see Sigmund and a giant cockroach.

Vanquished Creatures
  A dart slug (D:1)
  3 ball pythons (D:1)
  3 bats (D:1)
  An endoplasm (D:1)
  2 hobgoblins (D:1)
  3 kobolds
  A quokka (D:1)
  2 rats
16 creatures vanquished.

Notes
Turn   | Place    | Note
-------+----------+-------------------------------------------
     0 | D:1      | DarkBird the Gnoll Transmuter began the quest for the Orb.
     0 | D:1      | Reached XP level 1. HP: 17/17 MP: 6/6
   346 | D:1      | Reached XP level 2. HP: 20/23 MP: 5/7
   356 | D:1      | Learned a level 2 spell: Wereblood
   833 | D:2      | Noticed Sigmund
   852 | D:2      | Killed from afar by Sigmund

Illustrated notes

Levels and vault maps discovered:
D:1:      shiori_arrival_whats_in_store_for_you, layout_basic
D:2:      layout_rooms, st_stairs_3, uniq_sigmund

Action                   || total
-------------------------++-------
Melee: Unarmed           ||    45
       Headbutt          ||     5
       Bite              ||     4
       Kick              ||     6
       Punch             ||     1
 Cast: Beastly Appendage ||    16
       Wereblood         ||     4
 Abil: End Transformatio ||     1
  Use: Scroll            ||     1
       Potion            ||     1
 Stab: Sleeping          ||     1
Armor: Robe              ||     6
Dodge: Dodged            ||    37

Table legend: (Time is in decaauts)
 A = Elapsed time spent in this place.
 B = Non-inter-level travel time spent in this place.
 C = Inter-level travel time spent in this place.
 D = Time resting spent in this place.
 E = Time spent auto-exploring this place.
 F = Levels seen in this place.
 G = Mean time per level.
                   A        B        C        D        E       F      G
               +--------+--------+--------+--------+--------+-----+--------+
         Total |    845 |    756 |     89 |      0 |    550 |   2 |  422.5 |
       Dungeon |    845 |    756 |     89 |      0 |    550 |   2 |  422.5 |
               +--------+--------+--------+--------+--------+-----+--------+

Top non-repeatable levels by time:
     D:1: 828 daAuts
     D:2: 16 daAuts
